 Dungeon Crawl Stone Soup version 0.27-a0-1105-g946c659c87 (webtiles) character file.

Game seed: 117234163333309249

449 robertstho the Magician (level 7, -11/47 HPs)
             Began as a Djinni Fire Elementalist on Apr 30, 2021.
             Mangled by an ice beast (18 damage)
             ... on level 4 of the Dungeon.
             The game lasted 00:06:34 (5375 turns).

robertstho the Magician (Djinni Fire Elementalist)  Turns: 5375, Time: 00:06:34

Health: -11/47     AC:  6    Str:  7    XL:     7   Next: 4%
Gold:   148        EV: 12    Int: 19    God:
                   SH:  0    Dex: 13

rFire    + + .     SeeInvis .   k - +2 flail (protect)
rCold    x . .     Faith    .   (no shield)
rNeg     . . .     Spirit   .   a - +0 robe
rPois    ∞         Reflect  .   (no helmet)
rElec    .         Harm     .   (no cloak)
rCorr    .         Rampage  .   (no gloves)
Will     .....                  (boots unavailable)
Stlth    ++........             (no amulet)
HPRegen  0.15/turn              b - +4 ring of protection
MPRegen  0.00/turn              (no ring)

@: flying
A: fire resistance 2, cold vulnerability 1, float, innate caster, hp casting,
extra vitality 1
a: no special abilities


You were on level 4 of the Dungeon.
You visited 1 branch of the dungeon, and saw 5 of its levels.

You collected 148 gold pieces.

Inventory:

Hand Weapons
 k - a +2 flail of protection (weapon)
Armour
 a - a +0 robe (worn)
Jewellery
 b - a +4 ring of protection (left hand)
Wands
 i - a wand of paralysis (11)
Scrolls
 h - a scroll of enchant armour
Potions
 c - 2 potions of haste
 e - a potion of curing
 f - 2 potions of attraction
 g - 2 potions of invisibility


   Skills:
 + Level 1.1 Fighting
 + Level 0.3 Maces & Flails
 + Level 2.7 Dodging
 + Level 2.9 Stealth
 + Level 5.7 Spellcasting


You couldn't memorise any spells.
You knew the following spells:

 Your Spells              Type           Power      Damage    Failure   Level
a - Foxfire               Conj/Fire      100%       2x1d9     1%          1
b - Conjure Flame         Conj/Fire      27%        6-21      3%          3
c - Inner Flame           Hex/Fire       27%        N/A       3%          3
d - Sticky Flame          Conj/Fire      27%        2d5       11%         4
e - Fireball              Conj/Fire      13%        3d7       30%         5
f - Apportation           Tloc           54%        N/A       1%          1
g - Searing Ray           Conj           54%        3d5       1%          2
h - Portal Projectile     Hex/Tloc       54%        N/A       3%          3
Your spell library was empty.

Dungeon Overview and Level Annotations

Branches:
Dungeon (5/15)
 Temple: D:4-7

Altars:
Ashenzari
Qazlal
Trog
Yredelemnul


Innate Abilities, Weirdness & Mutations

You are immune to poison.
Your flesh is very heat resistant. (rF++)
You are vulnerable to cold. (rC-)
You float through the air rather than walking.
You learn spells naturally, not from books.
Your magical power is your life essence.
You have superior vitality. (+4 HP)


Message History

An orc priest comes into view. It is wielding a +0 club.
An ice beast and an orc come into view.
An orc comes into view. It is wielding a +0 dagger.
Found a stone staircase leading up.
Casting: Foxfire (safe; 1% risk of failure)
Press: ? - help, Q - select action, (/) - cycle Dir - look around, f - activate You conjure some foxfire!
The orc shouts!
You hear a shout! x2
An ogre comes into view. It is wielding a +0 giant spiked club.
An orc comes into view. It is wielding a +0 dagger.
Casting: Foxfire (safe; 1% risk of failure)
Press: ? - help, Q - select action, (/) - cycle Dir - look around, f - activate You conjure some foxfire!
The foxfire hits the orc.
You kill the orc!
The foxfire hits the orc.
The orc is severely wounded.
The foxfire hits the ogre!
The ogre is moderately wounded.
The foxfire hits the orc.
You kill the orc!
The orc priest looks braver for a moment.
Unknown command.
The orc priest mumbles some strange prayers to Beogh against you.
Beogh smites you!
The orc priest calls down the wrath of Beogh upon you.
Beogh smites you!
There is an open door here.
There is an escape hatch in the ceiling here.
The ice beast hits you. The ice beast freezes you!
You feel a terrible chill!
* * * LOW HITPOINT WARNING * * *
A mysterious force pulls you upwards. The hatch slams shut behind you.
Unknown command.
As you read the scroll labelled RISAUR ERIROZU, it crumbles to dust.
The scroll dissolves into smoke.
It was a scroll of fog.
The ice beast hits you.
* * * LOW HITPOINT WARNING * * *
The ice beast freezes you!!
You feel a terrible chill!
You die...

### ##..................###..
#.......................
#.......................
#####................##....#
#.##.................####..#
##...............<...# #...
##..................## ##..
###........§§§..>......# ##..
#..........§@Y§........###...
#..........§§§...............
#.........§..............####
#........................#
#........................##
##........................#
##...................###'# #
#...................# ♣.♣ #
#.#.................#♣♣.♣♣#


You could see an ice beast.

Vanquished Creatures
  An ogre (D:4)
  A water moccasin skeleton (D:4)
  A howler monkey (D:4)
  2 centaur skeletons (D:4)
  An orc wizard (D:4)
  A gnoll (D:1)
  7 adders
  A howler monkey skeleton (D:4)
  2 ufetubi (D:4)
  4 worms
  3 dart slugs
  7 orcs
  7 ball pythons
  11 bats
  3 endoplasms
  3 giant cockroaches
  6 hobgoblins
  7 jackals
  A quokka (D:4)
  2 frilled lizards
  4 goblins
  4 kobolds
  7 rats
86 creatures vanquished.

Vanquished Creatures (others)
  409 foxfires
409 creatures vanquished.

Grand Total: 495 creatures vanquished

Notes
Turn   | Place    | Note
-------+----------+-------------------------------------------
     0 | D:1      | robertstho the Djinni Fire Elementalist began the quest for
                  | the Orb.
     0 | D:1      | Reached XP level 1. HP: 15/15 MP: 0/0
   289 | D:1      | Reached skill level 3 in Spellcasting
   352 | D:1      | Reached XP level 2. HP: 19/21 MP: 0/0
   682 | D:1      | Found a faded altar of an unknown god.
   800 | D:1      | Reached XP level 3. HP: 21/25 MP: 0/0
   800 | D:1      | Learned a level 1 spell: Apportation
  1602 | D:2      | Reached XP level 4. HP: 28/31 MP: 0/0
  2134 | D:2      | Reached skill level 4 in Spellcasting
  2837 | D:3      | Reached XP level 5. HP: 32/35 MP: 0/0
  2837 | D:3      | Learned a level 2 spell: Searing Ray
  3027 | D:3      | Found a stormy altar of Qazlal.
  3028 | D:3      | Noticed a water elemental
  3068 | D:3      | Noticed a fire elemental
  3083 | D:3      | Found a basalt altar of Yredelemnul.
  3338 | D:3      | Noticed an air elemental
  3998 | D:4      | Reached XP level 6. HP: 33/40 MP: 0/0
  4082 | D:4      | Reached skill level 5 in Spellcasting
  4687 | D:4      | Found a bloodstained altar of Trog.
  4747 | D:4      | Reached skill level 1 in Fighting
  4747 | D:4      | Reached XP level 7. HP: 36/47 MP: 0/0
  4747 | D:4      | Learned a level 3 spell: Portal Projectile
  4917 | D:4      | Found a broken altar of Ashenzari.
  5288 | D:5      | Entered Level 5 of the Dungeon
  5375 | D:4      | Mangled by an ice beast

Illustrated notes

Levels and vault maps discovered:
D:1:      moated_graveyard_arrival, layout_basic,
          hellmonk_ecumenical_altar_inner_sanctum, minmay_tree_intersection
D:2:      layout_loops_corners, serial_rivers, chequers_serial_rivers_micro_d,
          chequers_serial_rivers_micro_b, chequers_serial_rivers_small_3,
          chequers_serial_rivers_small_b
D:3:      layout_rooms, nicolae_qazlal_style_of_elements,
          overflow_temple_1_default
D:4:      minmay_door_path, layout_layer_cave, kennysheep_little_box,
          lemuel_tele_altar, kennysheep_nub
D:5:      layout_basic, grunt_dithmenos_shadows, minmay_temple_entry_large_hall,
          gammafunk_ghost_nasty_kobolds, minmay_between

Skill      XL: |  1  2  3  4  5  6 |
---------------+-------------------+-----
Spellcasting   | 3 4 5 |  5.7
Stealth        | 2 |  2.9
Fighting       | 1 |  1.1
Maces & Flails | |  0.3
Dodging        | |  2.7

Action                   |  1- 3 |  4- 6 |  7- 9 || total
-------------------------+-------+-------+-------++-------
Melee: Mace              |     2 |       |       ||     2
 Cast: Foxfire           |    63 |   180 |     2 ||   245
  Use: Scroll            |       |     5 |     2 ||     7
 Stab: Sleeping          |     1 |       |       ||     1
Dodge: Dodged            |     7 |    21 |       ||    28

Table legend: (Time is in decaauts)
 A = Elapsed time spent in this place.
 B = Non-inter-level travel time spent in this place.
 C = Inter-level travel time spent in this place.
 D = Time resting spent in this place.
 E = Time spent auto-exploring this place.
 F = Levels seen in this place.
 G = Mean time per level.
                   A        B        C        D        E       F      G
               +--------+--------+--------+--------+--------+-----+--------+
         Total |   5373 |   5301 |     72 |      0 |   4806 |   5 | 1074.6 |
       Dungeon |   5373 |   5301 |     72 |      0 |   4806 |   5 | 1074.6 |
               +--------+--------+--------+--------+--------+-----+--------+

Top non-repeatable levels by time:
     D:4: 1888 daAuts
     D:2: 1548 daAuts
     D:1: 1145 daAuts
     D:3: 705 daAuts
     D:5: 85 daAuts
